 Dungeon Crawl Stone Soup version 0.31-a0-1025-g2e47921a08 (webtiles) character file.

Game seed: 16893538635243209055

62 sking99 the Ruffian (level 3, 0/33 HPs)
             Began as a Troll Shapeshifter on Nov 17, 2023.
             Slain by a jackal (3 damage)
             ... on level 2 of the Dungeon.
             The game lasted 00:01:35 (931 turns).

sking99 the Ruffian (Troll Shapeshifter)             Turns: 931, Time: 00:01:36

Health: 0/33       AC:  4    Str: 24    XL:     3   Next: 85%
Magic:  2/2        EV:  9    Int:  6    God:
Gold:   85         SH:  0    Dex:  9    Spells: 2/2 levels left

rFire   . .          .
                       - Unarmed
rCold   . . .        (no shield)
rNeg    . . .        a - +0 animal skin
rPois   .            (helmet currently unavailable)
rElec   .            (cloak currently unavailable)
rCorr   .            (gloves unavailable)
SInv    .            (boots unavailable)
Will    .....        (no amulet)
Stlth   +            (no ring)
HPRegen 1.05/turn    (no ring)
MPRegen 0.08/turn

%: no passive effects
@: beast-form
A: beast (slay +1), large, unfitting armour, claws 3, regeneration 1, shaggy fur
1, tough skin 1
a: Begin Untransformation


You were on level 2 of the Dungeon.
You were a hulking beast.
You visited 1 branch of the dungeon, and saw 2 of its levels.

You collected 85 gold pieces.

Inventory:

Missiles
 f - 5 curare-tipped darts
Armour
 a - a +0 animal skin (worn)
Talismans
 c - a beast talisman (active)
 d - a flux talisman
Scrolls
 e - a scroll of enchant weapon {unknown}
 h - 2 scrolls of immolation {unknown}
 i - a scroll of teleportation {unknown}
 j - a scroll of torment {unknown}
 m - a scroll of amnesia {unknown}
Potions
 b - a potion of lignification
 g - a potion of invisibility {unknown}
 k - a potion of attraction {unknown}
 l - 2 potions of mutation {unknown}


   Skills:
 + Level 1.4 Fighting
 + Level 0.7 Throwing
 - Level 1.5 Dodging
 * Level 3.9 Unarmed Combat
 + Level 3.4 Shapeshifting


You had 2 spell levels left.
You didn't know any spells.
Your spell library contained the following spells:

 Spells                   Type           Power      Damage    Failure   Level
 Ignite Poison            Fire/Tmut/Pois 0%         N/A       83%         3
 Sticky Flame             Conj/Fire      0%         2d3       99%         4
 Ignition                 Fire           0%         3d3       100%        8


Dungeon Overview and Level Annotations

Branches:
Dungeon (2/15)

Altars:


Innate Abilities, Weirdness & Mutations

You are a hulking beast.
Your limbs bulge with bestial killing power. (Slay +1)
You are too large for most types of armour.
You have claws for hands.
Your natural rate of healing is unusually fast.
You are covered in fur. (AC +1)
You have tough skin. (AC +1)


Message History

The gnoll is severely wounded.
The gnoll hits you with a +0 club.
You claw the gnoll!
You kill the gnoll!
The jackal barely misses you.
You claw the jackal!
You kill the jackal!
The gnoll throws a stone.
The stone hits you.
The gnoll hits you from afar with a +0 spear.
The gnoll closely misses you.
The ball python bites you but does no damage.
The gnoll hits you with a +0 spear.
There is an open door here.
Items here: ( ) ††.
You closely miss the gnoll.
The ball python bites you but does no damage.
The gnoll hits you with a +0 whip. The gnoll closely misses you.
You claw the gnoll!
You kill the gnoll!
The ball python bites you but does no damage.
The gnoll hits you with a +0 spear. The jackal bites you.
You scratch the gnoll.
The gnoll is heavily wounded.
The ball python bites you but does no damage.
The jackal bites you but does no damage.
The gnoll barely misses you.
You scratch the gnoll.
The gnoll is almost dead.
The ball python bites you but does no damage.
The jackal barely misses you. The gnoll hits you with a +0 spear!
* * * LOW HITPOINT WARNING * * *
The ball python bites you.
* * * LOW HITPOINT WARNING * * *
You closely miss the gnoll.
The gnoll is almost dead.
The jackal bites you but does no damage.
The gnoll hits you with a +0 spear.
* * * LOW HITPOINT WARNING * * *
The ball python misses you. The jackal bites you.
You die...

#.. # #.#
..#####'##
.........#
.........#
.........#
......ghS# #h# #
#+# #.# # #.#
##.# # #.# ###.$#
### #.#####...##
..#####.#.....###
.....##.......#
...#..........#
...######...#.#


You could see a gnoll, a jackal and a ball python.

Vanquished Creatures
  An adder (D:2)
  3 gnolls
  2 giant cockroaches (D:1)
  A hobgoblin (D:1)
  8 jackals
  A ball python (D:1)
  4 bats
  A frilled lizard (D:1)
  2 goblins
  2 kobolds (D:1)
25 creatures vanquished.

Notes
Turn   | Place    | Note
-------+----------+-------------------------------------------
     0 | D:1      | sking99 the Troll Shapeshifter began the quest for the Orb.
     0 | D:1      | Reached XP level 1. HP: 18/18 MP: 0/0
   163 | D:1      | Reached skill level 1 in Fighting
   163 | D:1      | Reached XP level 2. HP: 11/27 MP: 1/1
   536 | D:1      | Reached XP level 3. HP: 33/33 MP: 2/2
   931 | D:2      | Slain by a jackal

Illustrated notes

Levels and vault maps discovered:
D:1:      dpeg_arrival_connections, layout_basic
D:2:      layout_basic, basic_altar

Skill      XL: |  1 |
---------------+----+-----
Fighting       | 1 |  1.4
Throwing       | |  0.7
Dodging        | |  1.5
Unarmed Combat | |  3.9
Shapeshifting  | |  3.4

Action                     || total
---------------------------++-------
  Melee: Unarmed           ||    49
   Stab: Distracted        ||     1
 Armour: Animal skin       ||    39
  Dodge: Dodged            ||    27
   Form: Beast             ||     1

Table legend: (Time is in decaauts)
 A = Elapsed time spent in this place.
 B = Non-inter-level travel time spent in this place.
 C = Inter-level travel time spent in this place.
 D = Time resting spent in this place.
 E = Time spent auto-exploring this place.
 F = Levels seen in this place.
 G = Mean time per level.
                   A        B        C        D        E       F      G
               +--------+--------+--------+--------+--------+-----+--------+
         Total |    927 |    889 |     38 |     16 |    743 |   2 |  463.5 |
       Dungeon |    927 |    889 |     38 |     16 |    743 |   2 |  463.5 |
               +--------+--------+--------+--------+--------+-----+--------+

Top non-repeatable levels by time:
     D:1: 787 daAuts
     D:2: 140 daAuts
